 Dungeon Crawl Stone Soup version 0.29.1-15-g9cfb28693d (webtiles) character file.

Game seed: 6090939789919457214

642 Malstabilo the Trooper (level 7, -10/61 HPs)
             Began as a Minotaur Fighter on Mar 24, 2023.
             Mangled by Duvessa
             ... wielding a +0 rapier
              (14 damage)
             ... on level 4 of the Dungeon on Mar 27, 2023.
             The game lasted 00:12:49 (2505 turns).

Malstabilo the Trooper (Minotaur Fighter)           Turns: 2505, Time: 00:12:49

Health: -10/61     AC: 12    Str: 23    XL:     7   Next: 26%
Magic:  6/6        EV:  7    Int:  5    God:
Gold:   157        SH:  0    Dex:  9    Spells: 6/6 levels left

rFire   . . .      SeeInvis .   j - +4 quarterstaff (spect)
rCold   . . .      Faith    .   (shield currently unavailable)
rNeg    . . .      Spirit   .   d - +0 plate armour
rPois   .          Reflect  .   (helmet restricted)
rElec   .          Harm     .   (no cloak)
rCorr   .          Rampage  .   (no gloves)
Will    .....                   (no boots)
Stlth   ..........              f - amulet of magic regeneration
HPRegen 0.20/turn               (no ring)
MPRegen 0.50/turn               (no ring)

@: lit by a corona, glowing
A: horns 2, retaliatory headbutt
a: no special abilities


You were on level 4 of the Dungeon.
You visited 1 branch of the dungeon, and saw 4 of its levels.

You collected 157 gold pieces.

Inventory:

Hand Weapons
 a - a +0 long sword
 j - a +4 spectral quarterstaff (weapon)
 m - a +2 scythe of venom
Missiles
 p - 3 poisoned darts (quivered)
 x - 4 javelins
Armour
 b - a +0 scale mail
 c - a +0 buckler
 d - a +0 plate armour (worn)
Jewellery
 f - an amulet of magic regeneration (around neck)
 n - an amulet of guardian spirit
 u - a +6 ring of dexterity
Scrolls
 e - 3 scrolls of teleportation
 g - 5 scrolls of identify {unknown}
 q - 2 scrolls of enchant armour {unknown}
 r - 2 scrolls of fear {unknown}
Potions
 h - a potion of degeneration {unknown}
 i - a potion of haste {unknown}
 k - 2 potions of lignification {unknown}
 l - a potion of curing {unknown}
 o - 2 potions of invisibility {unknown}
 s - a potion of ambrosia {unknown}
 t - a potion of flight {unknown}
 v - a potion of might
 w - a potion of mutation {unknown}


   Skills:
 + Level 5.5 Fighting
 + Level 4.5 Long Blades
 + Level 5.4 Staves
 + Level 5.4 Armour
 + Level 0.9 Dodging
 + Level 0.1 Stealth
 + Level 4.3 Shields


You had 6 spell levels left.
You didn't know any spells.
Your spell library contained the following spells:

 Spells                   Type           Power      Damage    Failure   Level
 Magic Dart               Conj           0%         1d3       100%        1
 Searing Ray              Conj           0%         2d4       100%        2
 Frozen Ramparts          Ice            0%         1d1       100%        3
 Fulminant Prism          Conj/Hex       0%         3d6       100%        4
 Ice Form                 Ice/Tmut       0%         N/A       100%        4
 Summon Ice Beast         Ice/Summ       0%         N/A       100%        4


Dungeon Overview and Level Annotations

Branches:
Dungeon (4/15)
 Temple: D:4-7

Altars:

Shops:
D:3 *[[   D:4 *

Annotations:
D:4 Duvessa


Innate Abilities, Weirdness & Mutations

You have a pair of horns on your head.
You reflexively headbutt those who attack you in melee.


Message History

Duvessa shouts!
The worm closely misses you.
Dowan points at you and mumbles some strange words.
You are outlined in light.
Dowan says, "Stay away from my face!"
You hit Dowan.
Dowan is lightly wounded.
Your +4 spectral quarterstaff misses Dowan.
Duvessa hits you with a +0 rapier! Dowan hits you with a +0 dagger.
You sock Dowan! Your headbutt misses Dowan.
Dowan is severely wounded.
Your +4 spectral quarterstaff completely misses Dowan.
The worm bites you but does no damage. Dowan closely misses you.
Duvessa hits you with a +0 rapier.
You hit Dowan.
Dowan is almost dead.
Your +4 spectral quarterstaff closely misses Dowan.
Dowan points at you and mumbles some strange words.
The puff of flame hits you but does no damage.
Duvessa hits you with a +0 rapier.
You closely miss Dowan. You headbutt Dowan.
Dowan is almost dead.
Your +4 spectral quarterstaff hits Dowan!
You kill Dowan!
Duvessa screams in rage.
Duvessa goes berserk!
Duvessa hits you with a +0 rapier. The worm bites you.
You swap places.
Duvessa hits you but does no damage. Duvessa hits you with a +0 rapier.
Items here: ! ) [ †.
Duvessa hits you with a +0 rapier!
* * * LOW HITPOINT WARNING * * *
You see here 5 stones.
Duvessa hits you with a +0 rapier!
* * * LOW HITPOINT WARNING * * *
Duvessa attacks as you move away! Duvessa hits you with a +0 rapier.
* * * LOW HITPOINT WARNING * * *
You hit Duvessa but do no damage.
Your +4 spectral quarterstaff hits Duvessa!
Duvessa hits you with a +0 rapier!
You die...

#.......... #..
#........). #.#
#.......... #.#
#......... #.#
#..........#####)#
##w...(.........<..
#.(.........#####..
#.e...#### #..
#(@...# #.. #.....#
#.. #.....# #..
#.....# #..
........ ...
#.........
#..........
######....#


You could see Duvessa (berserk), a worm and a friendly +4 spectral quarterstaff
(summoned).

Vanquished Creatures
  Grinder (D:3)
  Sigmund (D:2)
  An ogre (D:4)
  Dowan (D:4)
  Jessica (D:3)
  An iguana (D:3)
  3 gnolls (D:2)
  An adder (D:3)
  A worm (D:3)
  2 dart slugs (D:1)
  2 bats (D:1)
  3 endoplasms
  3 giant cockroaches
  3 goblins
  3 hobgoblins
  5 jackals (D:3)
  A quokka (D:2)
  3 ball pythons (D:1)
  6 frilled lizards
  4 kobolds
  4 rats
50 creatures vanquished.

Notes
Turn   | Place    | Note
-------+----------+-------------------------------------------
     0 | D:1      | Malstabilo the Minotaur Fighter began the quest for the
                  | Orb.
     0 | D:1      | Reached XP level 1. HP: 19/19 MP: 0/0
   154 | D:1      | Reached XP level 2. HP: 22/27 MP: 1/1
   515 | D:1      | You fall into a shaft and drop 1 floor!
   904 | D:2      | Reached XP level 3. HP: 30/33 MP: 2/2
  1066 | D:2      | Noticed Sigmund
  1070 | D:2      | Killed Sigmund
  1071 | D:2      | Reached skill level 5 in Fighting
  1071 | D:2      | Reached skill level 1 in Staves
  1071 | D:2      | Reached XP level 4. HP: 42/42 MP: 3/3
  1071 | D:2      | Reached XP level 5. HP: 48/48 MP: 4/4
  1613 | D:3      | Found Houpis's Armour Shoppe.
  1662 | D:3      | Found Ywegis's General Store.
  1682 | D:3      | Reached skill level 5 in Armour
  1682 | D:3      | Reached XP level 6. HP: 56/56 MP: 5/5
  1819 | D:3      | Found Meith's Armour Shoppe.
  2036 | D:3      | Noticed Jessica
  2043 | D:3      | Killed Jessica
  2118 | D:3      | Noticed Grinder
  2127 | D:3      | Killed Grinder
  2376 | D:4      | Reached skill level 5 in Staves
  2376 | D:4      | Reached XP level 7. HP: 61/61 MP: 6/6
  2474 | D:4      | Found Camnum's General Store.
  2493 | D:4      | Noticed Dowan
  2493 | D:4      | Noticed Duvessa
  2500 | D:4      | Killed Dowan
  2505 | D:4      | Mangled by Duvessa

Illustrated notes

Levels and vault maps discovered:
D:1:      amcnicky_arrival_choice, layout_rooms
D:2:      layout_basic, uniq_sigmund
D:3:      layout_rooms, serial_shops, nicolae_shop_competitors_out_of_business,
          shop, shop_fountains, wander_ebering_terrifying_dragon_lair,
          uniq_jessica, uniq_grinder
D:4:      layout_basic, lemuel_round_altar, minmay_temple_entry_grid,
          serial_shops, nicolae_shop_statue_plus, ebering_ghost_sewer_d,
          grunt_decor_arrowhead, uniq_natasha, uniq_duvessa

Skill      XL: |  1  2  3  4  5  6 |
---------------+-------------------+-----
Fighting       | 4 5 |  5.5
Long Blades    | 3 4 |  4.5
Shields        | 4 |  4.3
Armour         | 4 5 |  5.4
Staves         | 1 2 5 |  5.4
Dodging        | |  0.9
Stealth        | |  0.1

Action                   |  1- 3 |  4- 6 |  7- 9 || total
-------------------------+-------+-------+-------++-------
Melee: Long sword        |    39 |       |       ||    39
       Headbutt          |     3 |     6 |     1 ||    10
       Quarterstaff      |     7 |    35 |     5 ||    47
  Use: Potion            |     1 |       |       ||     1
       Scroll            |       |     1 |       ||     1
Armor: Scale mail        |    31 |     7 |       ||    38
       Plate armour      |       |    14 |     3 ||    17
Dodge: Dodged            |    34 |    10 |     2 ||    46
Block: Buckler           |    14 |       |       ||    14
